 Dungeon Crawl Stone Soup version 0.31-a0-1074-g0b22e4e0f1 (webtiles) character file.

Game seed: 13984832420502213538

61 hito the Trooper (level 4, 0/39 HPs)
             Began as a Formicid Fighter on Dec 4, 2023.
             Slain by a gnoll
             ... wielding a +0 spear
              (3 damage)
             ... on level 3 of the Dungeon.
             The game lasted 00:02:58 (1174 turns).

hito the Trooper (Formicid Fighter)                 Turns: 1174, Time: 00:02:59

Health: 0/39       AC:  6    Str: 22    XL:     4   Next: 27%
Magic:  4/4        EV:  9    Int:  8    God:
Gold:   60         SH:  5    Dex: 13    Spells: 3/3 levels left

rFire   . . .        a - +0 flail
rCold   . . .        c - +0 buckler
rNeg    . . .        b - +0 scale mail
rPois   .            (helmet unavailable)
rElec   .            (no cloak)
rCorr   .            (no gloves)
SInv    +            (no boots)
Will    +....        (no amulet) Stlth
                     i - ring of willpower
HPRegen 0.26/turn    (no ring)
MPRegen 0.09/turn

%: no passive effects
@: no status effects
A: permanent stasis, dig shafts and tunnels, antennae 3, four strong arms
a: Dig, Shaft Self


You were on level 3 of the Dungeon.
You visited 1 branch of the dungeon, and saw 3 of its levels.

You collected 88 gold pieces.
You spent 28 gold pieces at shops.

Inventory:

Hand Weapons
 a - a +0 flail (weapon)
Missiles
 p - 5 boomerangs
Armour
 b - a +0 scale mail (worn)
 c - a +0 buckler (worn)
Jewellery
 i - a ring of willpower (left hand)
 k - an amulet of faith
Scrolls
 e - 2 scrolls of identify
 g - a scroll of enchant armour {unknown}
 j - a scroll of fear {unknown}
 m - 2 scrolls of fog {unknown}
 o - a scroll of revelation {unknown}
 q - a scroll of summoning {unknown}
Potions
 d - 2 potions of might
 f - 2 potions of berserk rage {unknown}
 h - a potion of haste {unknown}
 l - a potion of ambrosia {unknown}
 n - a potion of heal wounds {unknown}


   Skills:
 + Level 5.3 Fighting
 - Level 2.0 Maces & Flails
 - Level 3.2 Armour
 - Level 4.0 Shields


You had 3 spell levels left.
You didn't know any spells.
Your spell library was empty.

Dungeon Overview and Level Annotations

Branches:
Dungeon (3/15)

Altars:

Shops:
D:1 **:   D:2 :


Innate Abilities, Weirdness & Mutations

You cannot be hasted, slowed, berserked, paralysed or teleported.
You can dig through walls and to a lower floor.
You have a pair of large antennae on your head. (SInv)
Your four strong arms can wield two-handed weapons with a shield.


Message History

A gnoll comes into view. It is wielding a +0 spear.
You closely miss the gnoll. The gnoll hits you with a +0 spear.
You block the gnoll's attack.
You barely miss the gnoll. You block the gnoll's attack.
You hit the gnoll.
The gnoll is moderately wounded.
The gnoll hits you with a +0 spear!
You hit the gnoll but do no damage.
The gnoll is moderately wounded.
The gnoll hits you with a +0 spear. You block the gnoll's attack.
You hit the gnoll.
The gnoll is severely wounded.
The gnoll hits you from afar with a +0 spear.
The gnoll hits you with a +0 spear.
The gnoll hits you from afar with a +0 spear.
* * * LOW HITPOINT WARNING * * *
You hit the gnoll but do no damage.
The gnoll is severely wounded.
The gnoll closely misses you. x2
You hit the gnoll but do no damage.
The gnoll is severely wounded.
You block the gnoll's attack.
The gnoll hits you from afar with a +0 spear.
* * * LOW HITPOINT WARNING * * *
The gnoll hits you with a +0 spear.
* * * LOW HITPOINT WARNING * * *
The gnoll hits you from afar with a +0 spear.
* * * LOW HITPOINT WARNING * * *
You hit the gnoll but do no damage.
The gnoll is heavily wounded.
The gnoll hits you but does no damage.
The gnoll hits you from afar with a +0 spear.
* * * LOW HITPOINT WARNING * * *
Unknown command.
Okay, then.
You barely miss the gnoll.
The gnoll is heavily wounded.
You block the gnoll's attack. The gnoll barely misses you.
The gnoll hits you with a +0 spear.
You die...

...+ #+######...# ...........#
....###..### . ##8#..# ##.....#
###..g...# #8...g...#
##...@.#..# ###### . #
####.....8#.[###....#
..#8###8#.....###..+.#...<#
..[..........## #..#.#....#
.............# ####.#....#####
.............## #..#.#....'...#
..#8###8#.....####...#....###.#
# ####.....8##...#....###.# {
##..†..#..#.'.....##.#


You could see 2 gnolls.

Vanquished Creatures
  An adder (D:2)
  3 dart slugs
  4 ball pythons
  7 endoplasms
  4 giant cockroaches
  5 goblins
  3 hobgoblins
  4 kobolds
  A quokka (D:3)
  5 bats
  3 rats
40 creatures vanquished.

Notes
Turn   | Place    | Note
-------+----------+-------------------------------------------
     0 | D:1      | hito the Formicid Fighter began the quest for the Orb.
     0 | D:1      | Reached XP level 1. HP: 18/18 MP: 1/1
    58 | D:1      | Reached XP level 2. HP: 20/25 MP: 2/2
   113 | D:1      | Reached skill level 4 in Fighting
   160 | D:1      | Found Etaloh's Book Emporium.
   276 | D:1      | Reached XP level 3. HP: 31/31 MP: 3/3
   388 | D:1      | Found Noigrina's General Store.
   417 | D:1      | Found Sewk's General Store.
   445 | D:1      | Bought a scroll of identify for 28 gold pieces
   627 | D:2      | Reached skill level 5 in Fighting
   732 | D:2      | Reached XP level 4. HP: 39/39 MP: 4/4
   836 | D:2      | Found Myhit's Book Emporium.
  1174 | D:3      | Slain by a gnoll

Illustrated notes

Levels and vault maps discovered:
D:1:      dpeg_arrival_lava_temple_mockup, layout_basic, serial_shops,
          nicolae_shop_waterfront, nicolae_shop_waterfront,
          nicolae_lakefront_shop
D:2:      layout_rooms, serial_shops, nicolae_book_shop_shelving
D:3:      layout_basic, nicolae_gozag_conspicuous_consumption,
          hellmonk_ecumenical_altar_crossroads, serial_corexii_hall,
          corexii_hall_statues_x, chequers_hall_statues_y,
          corexii_hall_statues_s

Skill      XL: |  1  2  3 |
---------------+----------+-----
Fighting       | 4 5 |  5.3
Maces & Flails | |  2.0
Armour         | |  3.2
Shields        | |  4.0

Action                     |  1- 3 |  4- 6 || total
---------------------------+-------+-------++-------
  Melee: Flail             |    64 |    35 ||    99
 Armour: Scale mail        |    48 |    31 ||    79
  Dodge: Dodged            |    22 |     9 ||    31
  Block: Buckler           |    20 |    18 ||    38

Table legend: (Time is in decaauts)
 A = Elapsed time spent in this place.
 B = Non-inter-level travel time spent in this place.
 C = Inter-level travel time spent in this place.
 D = Time resting spent in this place.
 E = Time spent auto-exploring this place.
 F = Levels seen in this place.
 G = Mean time per level.
                   A        B        C        D        E       F      G
               +--------+--------+--------+--------+--------+-----+--------+
         Total |   1209 |   1170 |     39 |     11 |    784 |   3 |  403.0 |
       Dungeon |   1209 |   1170 |     39 |     11 |    784 |   3 |  403.0 |
               +--------+--------+--------+--------+--------+-----+--------+

Top non-repeatable levels by time:
     D:1: 608 daAuts
     D:2: 477 daAuts
     D:3: 123 daAuts
